 Dungeon Sprint DCSS version 0.21-a0-460-g737a915 (webtiles) character file.

6518 Kidiri the Grappler (level 10, -3/165 HPs)
             Began as a Troll Monk on Nov 20, 2017.
             Was the Champion of Wu Jian.
             Killed from afar by a quicksilver dragon (24 damage)
             ... with a bolt of dispelling energy
             ... in the Dungeon (Sprint V: "Ziggurat Sprint").
             The game lasted 00:08:28 (812 turns).

Kidiri the Grappler (Troll Monk)                     Turns: 812, Time: 00:08:29

Health: -3/165     AC:  7    Str: 28    XL:     10   Next: 69%
Magic:  14/16      EV: 19    Int:  6    God:    Wu Jian [******]
Gold:   0          SH:  0    Dex: 21    Spells: 16/19 levels left

rFire    . . .     SeeInvis .     - Unarmed
rCold    . . .     Gourm    +   (no shield)
rNeg     . . .     Faith    .   J - +2 robe {MR+}
rPois    .         Spirit   .   (helmet restricted)
rElec    .         Reflect  .   (no cloak)
rCorr    .         Harm     .   (gloves unavailable)
MR       +....     NoTele   +   (boots unavailable)
Stlth    ..........             L - amulet of regeneration
HPRegen  1.17/turn              w - +6 ring of dexterity
MPRegen  0.15/turn              H - ring of Spite {EV+1 Str+2}

@: berserking, exhausted, very slightly contaminated, glowing, heavenly storm,
very quick
A: unfitting armour, claws 3, fast metabolism 3, gourmand, regeneration 1,
shaggy fur 1, tough skin 2
a: Serpent's Lash, Heavenly Storm, Renounce Religion


You were in the Dungeon.
You worshipped Wu Jian.
Wu Jian was exalted by your worship.
You were very full.

You visited 1 branch

Inventory:

Armour
 a - a +0 robe
 G - +5 gold dragon scales
 J - a +2 robe of magic resistance (worn)
Jewellery
 l - an uncursed ring of protection from cold
 w - a +6 ring of dexterity (left claw)
 x - a +6 ring of dexterity
 y - a +6 ring of intelligence
 z - a +6 ring of intelligence
 A - a +6 ring of strength
 B - a +6 ring of strength
 H - the ring of Spite (right claw) {EV+1 Str+2}
   (You found it in the Dungeon)

   [ring of evasion]

   It affects your evasion (+1).
   It affects your strength (+2).
 K - an uncursed ring of see invisible
 L - an amulet of regeneration (around neck)
Wands
 C - a wand of disintegration (7)
 D - a wand of iceblast (5)
 E - a wand of lightning (5)
 F - a wand of acid (5)
Scrolls
 h - 4 scrolls of blinking
 o - 4 scrolls of amnesia
 p - 7 scrolls of fog
 q - a scroll of holy word
 r - 5 scrolls of identify
 s - 5 scrolls of remove curse
 t - 2 scrolls of fear
 O - a scroll of brand weapon
Potions
 c - 10 potions of curing
 d - 11 potions of heal wounds
 e - 6 potions of haste
 f - 7 potions of magic
 i - 2 potions of brilliance
 j - 2 potions of invisibility
 k - 4 potions of resistance
 m - 6 potions of agility
 n - 5 potions of might
Books
 M - a book of Geomancy

   Spells                             Type                      Level
   a - Sandblast                      Earth                        1
   b - Passwall                       Transmutation/Earth          2
   c - Stone Arrow                    Conjuration/Earth            3
   d - Petrify                        Transmutation/Earth          4
   e - Lee's Rapid Deconstruction     Earth                        5
 N - a book of Annihilations

   Spells                             Type                      Level
   a - Poison Arrow                   Conjuration/Poison           6
   b - Chain Lightning                Conjuration/Air              8
   c - Lehudib's Crystal Spear        Conjuration/Earth            8
   d - Glaciate                       Conjuration/Ice              9
   e - Fire Storm                     Conjuration/Fire             9
Comestibles
 b - 6 bread rations
 u - 42 fruits
 v - 4 meat rations
 I - 14 chunks of flesh


   Skills:
 * Level 9.8 Fighting
 * Level 9.4 Armour
 * Level 9.8 Dodging
 * Level 7.3 Stealth
 * Level 11.4 Unarmed Combat
 + Level 5.0 Spellcasting
 + Level 0.8 Conjurations
 + Level 0.9 Earth Magic


You had 16 spell levels left.
You knew the following spells:

 Your Spells              Type           Power        Failure   Level  Hunger
a - Stone Arrow           Conj/Erth      #.....       52%         3    ###....


Dungeon Overview and Level Annotations

Branches:
Dungeon (1/1)

Altars:
Ashenzari
Cheibriados
Dithmenos
Elyvilon
Fedhas
Gozag
Hepliaklqana
Kikubaaqudgha
Makhleb
Nemelex Xobeh
Okawaru
Qazlal
Ru
Sif Muna
Trog
Uskayaw
Vehumet
Wu Jian
Xom
Yredelemnul
Zin
The Shining One
Beogh
Jiyva
Lugonu

Annotations:
D 1 transporter


Innate Abilities, Weirdness & Mutations

You are too large for most types of armour.
You have claws for hands.
Your metabolism is lightning-fast.
You like to eat raw meat.
Your natural rate of healing is unusually fast.
You are covered in fur. (AC +1)
You have very tough skin. (AC +2)


Message History

You spin and attack the quicksilver dragon.
You mangle the quicksilver dragon!!
The quicksilver dragon is lightly wounded.
You spin and attack the crystal guardian.
You scratch the crystal guardian but do no damage.
The crystal guardian is moderately damaged.
Unknown command.
You spin and attack the earth elemental repeatedly.
You mangle the earth elemental!! You claw the earth elemental!
The earth elemental is severely damaged.
You scratch the earth elemental but do no damage.
The earth elemental is severely damaged.
You spin and attack the crystal guardian repeatedly.
You claw the crystal guardian!
The crystal guardian is heavily damaged.
You claw the crystal guardian!
The crystal guardian is severely damaged.
The quicksilver dragon breathes dispelling energy at you.
The bolt of dispelling energy hits you!
You die...

▓▓▓▓▓▓▓▓▓▓▓▓▓▓▓▓▓▓▓▓▓
▓...8©8...▓...8©8...▓
▓..:=|}}..▓..).).)..▓
▓..))[))..▓...):)[..▓
▓..E.§§§§§▓.........▓
▓...§§§§§§▓.........▓
▓...EE88§§▓.........▓
▓.§§8ED8E§▓.........▓
▓.§§§8§§@§▓.▓.....▓.▓
▓.▓§§§§§▓§▓...§§§§§.▓
▓.§§§§§§§.▓▓▓▓▓▓▓▓▓▓▓
▓▓▓▓▓▓▓▓▓▓▓


You could see an iron golem, a quicksilver dragon (pinned), 2 crystal guardians
and an earth elemental (pinned).

Vanquished Creatures
  2 deep elf knights (D)
  3 spriggans (D)
  A deep elf mage (D)
  A spiny frog (D)
  A komodo dragon (D)
  2 guardian mummies (D)
  4 merfolk (D)
  A hornet (D)
  A hippogriff (D)
  Sigmund (D)
  A flying skull (D)
  A yak (D)
  A water moccasin (D)
  A naga (D)
  2 porcupines (D)
  2 black bears (D)
  2 centaurs (D)
  4 wolves (D)
  2 bullfrogs (D)
  An earth elemental (D)
  A wight (D)
  Jessica (D)
  2 iguanas (D)
  2 mummies (D)
  4 adders (D)
  A river rat (D)
  2 bat skeletons (D)
  A bat zombie (D)
  A jackal (D)
  3 ball pythons (D)
  A ball python simulacrum (D)
  A giant cockroach zombie (D)
  A leopard gecko zombie (D)
55 creatures vanquished.

Notes
Turn   | Place    | Note
-------+----------+-------------------------------------------
     0 | D        | Found the +6 Majin-Bo {vamp, Archmagi MP+6 Int+6}
     0 | D        | Found the +7 great mace "Firestarter" {inner flame, rF++}
     0 | D        | Kidiri the Troll Monk began the quest for the Orb.
     0 | D        | Reached XP level 1. HP: 22/22 MP: 0/0
     0 | D        | Found a deep blue altar of Sif Muna.
     0 | D        | Found a sacrificial altar of Ru.
     0 | D        | Found a bloodstained altar of Trog.
     0 | D        | Found a stormy altar of Qazlal.
     0 | D        | Found an iron altar of Okawaru.
     0 | D        | Found a sparkling altar of Nemelex Xobeh.
     0 | D        | Found a blossoming altar of Fedhas.
     2 | D        | Found a transporter.
     2 | D        | Found an ancient bone altar of Kikubaaqudgha.
     2 | D        | Found a viscous altar of Jiyva.
     2 | D        | Found a corrupted altar of Lugonu.
     2 | D        | Found a hazy altar of Hepliaklqana.
     2 | D        | Found a burning altar of Makhleb.
     2 | D        | Found an opulent altar of Gozag.
    19 | D        | Found the +9 heavy crossbow "Sniper" {velocity, Acc+∞ SInv}
    19 | D        | Found the +10 dark maul {crush}
    19 | D        | Found the +15 Maxwell's patent armour {-Cast -Tele rElec MR+ rCorr}
    19 | D        | Found the cursed +14 obsidian axe {chop, +Fly SInv *Curse}
    20 | D        | Found the +6 shillelagh "Devastator" {shatter}
    20 | D        | Found the +11 plutonium sword {*Contam Stlth-}
    20 | D        | Found the +8 lance "Wyrmbane" {slay drac, rPois rF+ rC+ AC+3}
    20 | D        | Found the +9 sword of Zonguldrok {reap}
    20 | D        | Found the cursed +13 scythe of Curses {drain, *Curse}
    20 | D        | Found the +0 sword of Power
    20 | D        | Found the +13 mace of Variability {chaos}
    20 | D        | Found the +7 Singing Sword
    20 | D        | Found the +7 longbow "Piercer" {penet, EV-2}
    88 | D        | Became a worshipper of the Wu Jian Council
    88 | D        | Reached * piety under Wu Jian
    88 | D        | Reached ** piety under Wu Jian
    89 | D        | Reached skill level 4 in Unarmed Combat
    89 | D        | Reached skill level 1 in Spellcasting
    89 | D        | Reached XP level 2. HP: 31/31 MP: 0/2
   138 | D        | Entered arena 2.
   138 | D        | Noticed Sigmund
   138 | D        | Noticed Jessica
   138 | D        | Found a transporter.
   148 | D        | Killed Jessica
   148 | D        | Reached XP level 3. HP: 28/39 MP: 3/3
   152 | D        | Killed Sigmund
   152 | D        | Reached skill level 5 in Unarmed Combat
   152 | D        | Reached XP level 4. HP: 32/49 MP: 3/6
   152 | D        | Reached XP level 5. HP: 35/55 MP: 3/7
   162 | D        | Got the ring of Spite {EV+1 Str+2}
   201 | D        | Entered arena 3.
   201 | D        | Found a transporter.
   204 | D        | Reached *** piety under Wu Jian
   209 | D        | Reached skill level 5 in Fighting
   209 | D        | Reached skill level 5 in Dodging
   209 | D        | Reached skill level 6 in Unarmed Combat
   213 | D        | Identified the Handbook of Supportive Bewitchment (You found it in the Dungeon)
   240 | D        | Entered arena 4.
   240 | D        | Noticed a deep elf knight
   240 | D        | Noticed a deep elf knight
   240 | D        | Noticed a deep elf mage
   240 | D        | Found a transporter.
   243 | D        | Killed a deep elf knight
   243 | D        | Reached skill level 5 in Armour
   243 | D        | Reached skill level 7 in Unarmed Combat
   243 | D        | Reached XP level 6. HP: 68/68 MP: 7/9
   243 | D        | Reached XP level 7. HP: 76/76 MP: 7/10
   250 | D        | Killed a deep elf mage
   250 | D        | Reached skill level 5 in Stealth
   250 | D        | Reached skill level 8 in Unarmed Combat
   250 | D        | Reached XP level 8. HP: 71/87 MP: 8/12
   253 | D        | Reached **** piety under Wu Jian
   259 | D        | Killed a deep elf knight
   259 | D        | Reached skill level 9 in Unarmed Combat
   376 | D        | Entered arena 5.
   376 | D        | Found a transporter.
   384 | D        | Reached ***** piety under Wu Jian
   437 | D        | Entered arena 6.
   437 | D        | Found a transporter.
   443 | D        | Reached XP level 9. HP: 92/96 MP: 13/13
   491 | D        | Entered arena 7.
   491 | D        | Noticed a spriggan rider
   496 | D        | Found a transporter.
   496 | D        | Killed a spriggan rider
   496 | D        | Reached skill level 10 in Unarmed Combat
   528 | D        | Entered arena 8.
   528 | D        | Noticed a spiny frog
   530 | D        | Found a transporter.
   535 | D        | Killed a spiny frog
   535 | D        | Reached XP level 10. HP: 99/106 MP: 15/15
   570 | D        | Entered arena 9.
   572 | D        | Found a transporter.
   579 | D        | Reached ****** piety under Wu Jian
   579 | D        | Reached skill level 11 in Unarmed Combat
   661 | D        | Entered arena 10.
   664 | D        | Found a transporter.
   714 | D        | Learned a level 3 spell: Stone Arrow
   715 | D        | Entered arena 11.
   716 | D        | Found the +7 captain's cutlass {speed, disarm}
   716 | D        | Found a transporter.
   722 | D        | Reached skill level 5 in Spellcasting
   798 | D        | Entered arena 12.
   798 | D        | Noticed an iron golem
   798 | D        | Noticed an iron golem
   798 | D        | Noticed a crystal guardian
   799 | D        | Noticed an iron golem
   799 | D        | Noticed a quicksilver dragon
   799 | D        | Noticed a crystal guardian
   805 | D        | Found a transporter.
   812 | D        | Killed from afar by a quicksilver dragon

Vault maps used:
D:        sprint_v

Skill      XL: |  1  2  3  4  5  6  7  8  9 10 |
---------------+-------------------------------+-----
Fighting       | 3 4 6 7 8 9 |  9.8
Armour         | 2 4 5 6 7 8 9 |  9.4
Dodging        | 3 4 6 7 8 9 |  9.8
Stealth        | 2 3 4 5 6 7 |  7.3
Unarmed Combat | 4 5 7 8 9 10 11 | 11.4
Spellcasting   | 1 2 3 4 5 |  5.0
Conjurations   | |  0.8
Earth Magic    | |  0.9

Action                   |  1- 3 |  4- 6 |  7- 9 | 10-12 || total
-------------------------+-------+-------+-------+-------++-------
Melee: Unarmed           |    12 |    10 |    66 |    75 ||   163
       Punch             |     2 |       |     2 |     6 ||    10
Invok: Serpent's Lash    |       |     1 |     1 |     3 ||     5
       Heavenly Storm    |       |       |     1 |     3 ||     4
  Use: Potion            |     2 |       |     2 |     3 ||     7
 Stab: Sleeping          |       |       |     6 |       ||     6
  Eat: Chunk             |       |     6 |     2 |     5 ||    13
Armor: Robe              |     3 |       |     3 |     9 ||    15
Dodge: Dodged            |     3 |     2 |    22 |    38 ||    65

Table legend:
 A = Spawn XP
 B = Non-spawn XP
 C = Spawn XP percentage of total XP
 D = Spawn monster count
 E = Non-spawn monster count
 F = Spawn count percentage of total count
 G = Total turns spent on level
                    A         B        C        D         E        F      G
               +---------+---------+-------+---------+---------+-------+---------
         Total |       0 |    9300 |   0.0 |       0 |      55 |   0.0 |   812
               +---------+---------+-------+---------+---------+-------+---------
             D |       0 |    9300 |   0.0 |       0 |      55 |   0.0 |   812
               +---------+---------+-------+---------+---------+-------+---------
